 Dungeon Crawl Stone Soup version 0.23-a0-473-gc8aadda (webtiles) character file.

53 theanonym the Skirmisher (level 3, 0/29 HPs)
             Began as a Mummy Warper on Nov 28, 2018.
             Slain by a worm (4 damage)
             ... on level 3 of the Dungeon.
             The game lasted 00:02:16 (2044 turns).

theanonym the Skirmisher (Mummy Warper)             Turns: 2044, Time: 00:02:17

Health: 0/29       AC:  3    Str: 15    XL:     3   Next: 64%
Magic:  7/7        EV: 11    Int: 12    God:
Gold:   91         SH:  0    Dex: 11    Spells: 7/7 levels left

rFire    x . .     SeeInvis .   a - +0 short sword
rCold    + . .     Gourm    .   (no shield)
rNeg     + + +     Faith    .   d - -2 ring mail (curse)
rPois    ∞         Spirit   .   (no helmet)
rElec    .         Reflect  .   (no cloak)
rCorr    .         Harm     .   (no gloves)
MR       .....                  (no boots)
Stlth    +.........             (no amulet)
HPRegen  0.09/turn              (no ring)
MPRegen  0.10/turn              (no ring)

@: no status effects
A: no food or potions, fire vulnerability, cold resistance 1, negative energy
resistance 3, torment resistance, unbreathing
a: no special abilities


Innate Abilities, Weirdness & Mutations

You do not eat or drink.
Your flesh is vulnerable to fire.
You are immune to poison.
Your flesh is cold resistant. (rC+)
You are immune to negative energy. (rN+++)
You are immune to unholy pain and torment.
You can survive without breathing.


   Skills:
 + Level 3.1 Fighting
 + Level 2.6 Short Blades
 - Level 0.7 Throwing
 - Level 0.7 Armour
 - Level 1.5 Dodging
 - Level 2.6 Spellcasting
   Level 2.4 Translocations


You had 7 spell levels left.
You didn't know any spells.
Your spell library contained the following spells:

 Spells                   Type           Power        Failure   Level  Hunger
 Blink                    Tloc           N/A          28%         2    N/A
 Shroud of Golubria       Chrm/Tloc      #.........   43%         2    N/A
 Gell's Gravitas          Tloc           #.........   50%         3    N/A
 Lesser Beckoning         Tloc           #.........   50%         3    N/A
 Teleport Other           Tloc           #.......     50%         3    N/A
 Passage of Golubria      Tloc           N/A          88%         4    N/A

Skill      XL: |  1  2  3 |
---------------+----------+-----
Short Blades   | 2 |  2.6
Fighting       | 3 |  3.1
Throwing       | |  0.7
Armour         | |  0.7
Dodging        | |  1.5
Spellcasting   | |  2.6
Translocations | |  2.4

Action                   || total
-------------------------++-------
Melee: Short sword       ||   141
Armor: Leather armour    ||    11
       Ring mail         ||    35
Dodge: Dodged            ||    76

Inventory:

Hand Weapons
 a - a +0 short sword (weapon)
Missiles
 e - 5 tomahawks of dispersal (quivered)
Armour
 b - a +0 leather armour
 d - a cursed -2 ring mail (worn)
   (You found it on level 1 of the Dungeon)
Jewellery
 i - an uncursed ring of see invisible {unknown}
   (You found it on level 1 of the Dungeon)
Scrolls
 c - 2 scrolls of enchant armour {unknown}
 f - 2 scrolls of teleportation {unknown}
 g - 3 scrolls of identify {unknown}
 h - 2 scrolls of remove curse {unknown}
 j - a scroll of amnesia {unknown}
 k - a scroll of enchant weapon {unknown}
 l - a scroll of fog {unknown}
 m - a scroll of noise {unknown}
 B - a scroll of blinking


You were on level 3 of the Dungeon.
You were not hungry.

You visited 1 branch of the dungeon, and saw 3 of its levels.

You collected 91 gold pieces.

Dungeon Overview and Level Annotations

Branches:
Dungeon (3/15)

Altars:

Annotations:
D:2 Sigmund, Terence

#### ...## .#..# ....#
#### .#..## # ##..#
#.... .. ##...##
.#.##..# #.....#
........ #. #.w.#
.#.##..# .##.###@.#
.......#..........#
.#..#..#.###.###.##
....#..#.# #. ##'##
.#.......###.##...##
#............#.....##
.#.......# ##.......#
....#....###.........#
.#.........'.........+


You could see a worm.

Notes
Turn   | Place    | Note
-------+----------+-------------------------------------------
     0 | D:1      | theanonym the Mummy Warper began the quest for the Orb.
     0 | D:1      | Reached XP level 1. HP: 16/16 MP: 4/4
   297 | D:1      | Reached skill level 2 in Short Blades
   297 | D:1      | Reached XP level 2. HP: 23/23 MP: 5/5
   315 | D:1      | HP: 11/23 [jackal (3)]
  1101 | D:2      | HP: 10/23 [adder (3)]
  1103 | D:2      | Reached XP level 3. HP: 12/28 MP: 7/7
  1200 | D:2      | Noticed Terence
  1200 | D:2      | Noticed Sigmund
  1219 | D:1      | HP: 14/28 [adder (1)]
  1224 | D:1      | HP: 9/28 [adder (1)]
  1225 | D:1      | Reached skill level 3 in Fighting
  2039 | D:3      | HP: 8/29 [worm (11)]
  2044 | D:3      | Slain by a worm

Vanquished Creatures
  2 adders
  An ooze (D:2)
  A worm (D:3)
  3 giant cockroaches
  4 goblins
  2 hobgoblins (D:1)
  3 jackals (D:1)
  2 kobolds
  5 bats
  A frilled lizard (D:2)
  3 rats
27 creatures vanquished.

Table legend:
 A = Turns spent in this place as a percentage of turns spent in the entire game.
 B = Non-inter-level travel turns spent in this place as a percentage of non-inter-level travel turns spent in the entire game.
 C = Inter-level travel turns spent in this place as a percentage of turns spent in this place.
 D = Turns resting spent in this place as a percentage of non-inter-level travel turns spent in this place.
 E = Turns spent auto-exploring this place as a percentage of non-inter-level travel turns spent in this place.
 F = Non-inter-level travel turns spent in this place divided by the number of levels of this place that you've seen.
                   A       B       C       D       E      F
               +-------+-------+-------+-------+-------+----------------------
         Total | 100.0 | 100.0 |   5.0 |  40.9 |  44.2 | 647.3
       Dungeon | 100.0 | 100.0 |   5.0 |  40.9 |  44.2 | 647.3
               +-------+-------+-------+-------+-------+----------------------
